Map: Tourmaline LE

Players

llllllllllll

  • Race: Terran Terran
  • League: Master
  • Spawn Location: 1:00

Lambo - Winner!

  • Race: Zerg Zerg
  • League: Grandmaster
  • Spawn Location: 7:00

VOD

Have the link to the VOD?

Description

Time

  • Played on: Dec. 31, 2025, 9:09 a.m.
  • Length: 18:23
Show
View Real Time Build Order
Export as new Build Order

llllllllllll Terran 

Build Orders: Hellion Opening, Reaper Expand 

Get SALT Encoding   

  12  0:00  SCV  
  13  0:12  SCV  
  14  0:17  Supply Depot  
  14  0:24  SCV  
  15  0:39  SCV  
  15  0:40  Barracks  
  16  0:43  Refinery  
  16  0:51  SCV  
  17  1:03  SCV  
  18  1:15  SCV  
  19  1:27  Reaper, Orbital Command  
  20  1:37  Command Center  
  20  1:45  Supply Depot  
  20  1:53  SCV  
  21  1:59  Marine  
  22  2:05  SCV  
  23  2:09  Factory  
  23  2:12  Refinery  
  23  2:17  SCV  
  23  2:20  Barracks Reactor  
  24  2:29  SCV  
  25  2:41  SCV  
  26  2:49  Orbital Command  
  26  2:53  Starport  
  26  2:54  SCV  
  27  3:01  Hellion x2  
  27  3:03  Marine  
  32  3:07  SCV, Supply Depot  
  33  3:19  SCV  
  34  3:21  Marine  
  34  3:22  Hellion x2  
  39  3:27  Armory  
  39  3:29  SCV  
  39  3:31  Medivac  
  42  3:37  SCV  
  42  3:39  Marine  
  44  3:42  Supply Depot  
  44  3:49  Hellion x2  
  44  3:52  SCV x2  
  50  3:57  Marine  
  50  4:01  Liberator  
  54  4:08  SCV x2  
  54  4:09  Supply Depot  
  56  4:13  Hellion x2  
  60  4:20  SCV x2  
  62  4:32  SCV  
  62  4:33  SCV  
  62  4:35  Hellion x2  
  68  4:39  Command Center  
  68  4:44  SCV  
  69  4:45  SCV  
  69  4:51  Starport Tech Lab  
  66  4:56  SCV  
  66  4:58  SCV  
  66  4:59  Hellion x2  
  66  5:08  SCV  
  66  5:10  SCV  
  66  5:14  Barracks Tech Lab  
  65  5:15  Banshee  
  65  5:19  Barracks  
  65  5:20  Barracks, SCV  
  67  5:22  SCV, Hellion  
  67  5:24  Hellion  
  67  5:32  SCV  
  67  5:34  SCV  
  66  5:35  Marine  
  66  5:40  Engineering Bay  
  66  5:41  Engineering Bay  
  67  5:44  SCV  
  67  5:46  Hellion x2, SCV  
  70  5:50  Supply Depot  
  70  5:51  Supply Depot  
  70  5:52  Orbital Command  
  70  5:55  Marine, Refinery  
  70  5:56  SCV  
  70  5:57  Stimpack  
  72  5:58  Raven  
  74  6:07  Barracks  
  74  6:09  Barracks  
  74  6:10  Terran Infantry Weapons Level 1, Terran Infantry Armor Level 1  
  74  6:15  Barracks Reactor x2  
  74  6:20  SCV x2  
  74  6:24  Orbital Command  
  76  6:25  Refinery  
  76  6:32  Widow Mine x2, SCV  
  81  6:33  Factory  
  81  6:35  Marine  
  81  6:38  SCV, Starport Reactor  
  83  6:40  Supply Depot  
  83  6:44  SCV  
  84  6:50  SCV  
  84  6:53  Marine  
  84  6:54  SCV  
  87  6:56  SCV, Command Center  
  87  6:58  Barracks Reactor  
  87  6:59  Barracks Reactor  
  88  7:02  SCV  
  88  7:07  Hellion x2  
  83  7:11  Marine, SCV x2  
  83  7:14  SCV  
  81  7:16  Marine x4  
  85  7:23  Medivac x2, SCV x2  
  85  7:28  SCV  
  85  7:29  Marine  
  93  7:30  Command Center  
  93  7:35  SCV x2, Hellion  
  93  7:36  Hellion  
  97  7:40  SCV  
  97  7:43  Marine x4, Combat Shield  
  100  7:44  Drilling Claws  
  100  7:45  Widow Mine  
  100  7:46  Marine  
  100  7:47  SCV x2  
  100  7:49  Supply Depot  
  105  7:52  SCV  
  105  7:57  Widow Mine  
  108  7:58  Supply Depot  
  108  7:59  Supply Depot  
  108  8:01  Supply Depot  
  108  8:04  Marine  
  109  8:07  Marine  
  109  8:08  Siege Tank, Widow Mine  
  109  8:10  Hellion  
  109  8:11  Hellion  
  109  8:12  SCV x3  
  118  8:15  Marine  
  118  8:16  Marine  
  118  8:17  Refinery  
  118  8:18  Widow Mine  
  122  8:20  Medivac x2  
  122  8:24  SCV, Terran Infantry Weapons Level 2  
  122  8:25  SCV  
  128  8:27  Refinery  
  128  8:29  Marine, Widow Mine  
  128  8:30  Barracks x2  
  128  8:31  Barracks  
  128  8:32  SCV  
  132  8:36  SCV  
  132  8:37  SCV  
  134  8:43  Widow Mine x2  
  134  8:45  SCV  
  139  8:48  SCV  
  139  8:49  SCV  
  139  8:51  Widow Mine  
  143  8:56  Terran Infantry Armor Level 2  
  143  8:57  SCV  
  143  8:58  Planetary Fortress  
  143  9:00  SCV  
  143  9:01  SCV  
  146  9:03  Medivac  
  146  9:04  Widow Mine x2  
  146  9:09  SCV  
  153  9:12  Marine x6, Barracks, SCV  
  153  9:14  SCV  
  159  9:17  Factory  
  159  9:18  Planetary Fortress  
  159  9:21  SCV  
  159  9:23  Barracks Tech Lab x3  
  159  9:24  Supply Depot x2, SCV  
  160  9:26  SCV  
  160  9:30  Terran Vehicle And Ship Armor Level 1  
  162  9:33  SCV  
  162  9:34  Marine  
  162  9:35  Marauder, Marine  
  162  9:36  Widow Mine x2  
  162  9:37  Supply Depot  
  171  9:45  Medivac, Widow Mine  
  175  9:51  Marine x5, Marauder  
  182  9:56  Marauder  
  182  9:57  Command Center  
  182  9:58  Widow Mine x2, Sensor Tower  
  182  9:59  Barracks Tech Lab  
  184  10:00  Sensor Tower  
  184  10:04  Barracks  
  184  10:07  Widow Mine  
  184  10:13  Marine x3  
  184  10:14  Marine x5, Marauder x3  
  173  10:17  Marauder  
  176  10:23  SCV  
  176  10:25  SCV x2  
  166  10:31  Marine  
  166  10:34  Marine x4  
  166  10:35  Marauder x4, SCV, Concussive Shells  
  179  10:39  Marauder, Medivac x2  
  179  10:40  SCV x2  
  186  10:45  Supply Depot  
  186  10:47  SCV  
  186  10:48  Marine  
  186  10:49  Marine, Widow Mine  
  193  10:50  Widow Mine  
  193  10:51  Factory Reactor  
  193  10:52  Supply Depot, SCV  
  193  10:56  Marauder  
  194  11:02  Command Center  
  194  11:07  Marauder  
  194  11:08  Marine x2, Marauder x2  
  194  11:10  SCV, Orbital Command  
  184  11:11  Marine x2  
  184  11:12  Marine, Marauder  
  184  11:14  Marine x3  
  184  11:17  Marauder  
  153  11:25  Marine x2  
  153  11:28  Marauder  
  153  11:29  Marine x3  
  153  11:30  Marauder x2, Orbital Command  
  143  11:33  Marauder  
  143  11:38  SCV x3  
  143  11:39  Marauder  
  139  11:42  Widow Mine x2  
  139  11:43  Widow Mine  
  137  11:49  Marauder  
  137  11:50  SCV x2  
  137  11:51  SCV  
  137  11:53  Marine x2  
  135  11:54  Marauder x2  
  135  11:56  Widow Mine x2  
  125  12:01  Marine x2  
  125  12:02  Marauder x2, SCV  
  125  12:03  Widow Mine  
  134  12:12  Terran Infantry Weapons Level 3, Marine x3  
  134  12:13  SCV x2  
  134  12:14  SCV  
  134  12:15  Orbital Command  
  140  12:25  SCV x2, Orbital Command  
  140  12:26  SCV  
  140  12:27  SCV  
  144  12:34  Widow Mine x5  
  154  12:37  SCV x2  
  154  12:42  Supply Depot, Barracks Tech Lab  
  154  12:43  Supply Depot, Marine x2  
  154  12:44  Marauder x2  
  162  12:53  Marine, Marauder  
  162  12:55  Widow Mine x2  
  162  12:58  Marine x2, Marauder x2, SCV x2  
  167  12:59  SCV  
  167  13:03  Supply Depot, SCV  
  167  13:04  Widow Mine  
  169  13:14  Widow Mine  
  169  13:17  SCV x2  
  169  13:18  SCV  
  174  13:21  Sensor Tower  
  174  13:24  Marine x2, Marauder x2  
  180  13:29  Widow Mine x4  
  188  13:37  Supply Depot, SCV  
  188  13:41  Orbital Command, Marine  
  189  13:42  Marauder x2  
  189  13:44  Marine  
  194  13:56  Supply Depot  
  194  13:57  Supply Depot  
  179  14:11  Orbital Command  
  179  14:12  Orbital Command  
  159  14:18  Marine x4, Widow Mine, Marauder  
  159  14:19  SCV, Marauder x3  
  159  14:22  Widow Mine  
  161  14:27  Marine  
  161  14:28  Marine, Marauder x2  
  161  14:31  SCV, Widow Mine x3  
  140  14:33  SCV x2  
  140  14:36  Marine  
  139  14:39  Marauder  
  139  14:40  Marauder x3  
  139  14:41  Medivac  
  139  14:43  SCV, Marine  
  149  14:45  SCV  
  149  14:47  SCV x2  
  152  14:53  Widow Mine x2  
  152  14:55  Marine  
  152  14:56  Marauder  
  152  14:59  SCV x2  
  161  15:00  SCV x2  
  163  15:07  SCV  
  163  15:11  SCV x2  
  163  15:12  SCV x2  
  163  15:14  Marine x3, Marauder x2  
  166  15:17  Widow Mine x2  
  166  15:18  Widow Mine x2  
  166  15:19  SCV  
  166  15:20  Orbital Command, Marine, Marauder  
  164  15:23  SCV x2  
  164  15:27  SCV  
  165  15:29  Medivac x2  
  165  15:31  Supply Depot  
  167  15:41  SCV  
  167  15:42  SCV  
  164  15:48  Widow Mine x3  
  164  15:49  Supply Depot  
  170  15:50  Marine  
  170  15:53  Marauder  
  170  15:58  SCV  
  170  15:59  Liberator  
  174  16:05  Widow Mine x2  
  174  16:07  Marine  
  174  16:08  Supply Depot  
  174  16:09  Supply Depot  
  174  16:10  Marine  
  181  16:11  Marauder  
  181  16:14  Marauder x2  
  181  16:17  SCV x3  
  187  16:30  Widow Mine x2  
  187  16:32  Marine x2, Marauder  
  187  16:33  Marauder  
  187  16:38  Widow Mine x2  
  191  16:41  Marine  
  191  16:42  Marine, Marauder x2  
  191  16:45  Widow Mine  
  199  16:53  Marine x2  
  199  16:54  Marine, Marauder x3  
  183  16:56  Marine, Marauder  
  183  17:00  Orbital Command  
  165  17:03  Marine x2, Marauder x2  
  165  17:06  Marine  
  136  17:15  Marauder  
  135  17:29  SCV x2  
  133  17:36  Marine x2  
  135  17:40  Marine  
  122  17:58  Marine x4, Marauder x2  
  128  18:02  SCV  
Show
View Real Time Build Order
Export as new Build Order

Lambo Zerg - Winner!

Build Orders: Hatch First 

Get SALT Encoding   

  12  0:00  Drone  
  13  0:07  Drone  
  14  0:14  Extractor  
  14  0:15  Drone  
  15  0:21  Overlord  
  15  0:40  Drone  
  16  0:44  Hatchery  
  16  0:48  Drone  
  16  0:51  Drone  
  16  0:56  Drone  
  18  1:05  Extractor  
  18  1:10  Spawning Pool  
  16  1:13  Drone  
  16  1:17  Drone  
  18  1:26  Drone  
  19  1:37  Drone  
  20  1:48  Drone  
  21  1:57  Queen x2  
  21  1:59  Drone, Zergling x2  
  27  2:09  Zergling x2  
  28  2:16  Hatchery  
  28  2:20  Overlord  
  27  2:28  Drone  
  28  2:40  Drone x4  
  28  2:42  Overlord  
  32  2:46  Queen  
  34  2:53  Drone  
  34  2:54  Metabolic Boost  
  34  2:57  Drone  
  36  3:08  Drone x2  
  36  3:11  Drone x5  
  43  3:16  Extractor  
  43  3:17  Queen  
  45  3:21  Overlord  
  45  3:27  Queen  
  45  3:29  Drone  
  48  3:34  Drone x2  
  48  3:39  Overlord  
  48  3:40  Drone x2  
  52  3:42  Drone  
  52  3:43  Drone  
  53  3:50  Drone  
  53  3:51  Overlord  
  53  3:52  Zergling x6  
  57  3:56  Overlord  
  57  3:58  Evolution Chamber  
  57  4:00  Drone x2  
  57  4:01  Drone  
  59  4:04  Overlord  
  59  4:07  Overlord  
  59  4:08  Zergling x2  
  60  4:10  Drone  
  60  4:14  Drone  
  63  4:17  Drone  
  63  4:19  Queen  
  63  4:23  Drone  
  66  4:27  Zergling x14  
  72  4:31  Zergling x2  
  71  4:43  Zergling x6  
  71  4:49  Zergling x2  
  71  4:50  Zergling x2  
  69  4:54  Drone  
  69  4:55  Zerg Melee Weapons Level 1  
  70  5:01  Drone x3  
  67  5:10  Drone x2, Lair  
  67  5:12  Queen  
  67  5:13  Queen  
  71  5:16  Drone  
  68  5:24  Drone x3  
  63  5:33  Zergling x4  
  63  5:34  Zergling x2  
  64  5:40  Drone  
  64  5:42  Drone  
  65  5:45  Drone x3  
  67  5:53  Drone  
  67  5:54  Drone  
  67  5:56  Drone  
  70  5:57  Hatchery  
  70  6:01  Drone  
  70  6:03  Drone  
  71  6:04  Evolution Chamber, Queen  
  71  6:05  Extractor, Queen  
  71  6:10  Zergling x2  
  74  6:12  Evolution Chamber  
  74  6:13  Zergling x2  
  74  6:18  Drone  
  76  6:19  Drone x3  
  76  6:21  Zergling x8  
  83  6:27  Zergling x8  
  83  6:31  Zerg Ground Armor Level 1  
  83  6:32  Drone x2, Hatchery  
  88  6:40  Drone  
  88  6:41  Drone  
  88  6:46  Overlord x2  
  90  6:49  Overseer  
  90  6:50  Overlord  
  90  6:51  Overlord  
  90  6:52  Spore Crawler  
  88  6:55  Overlord, Hatchery  
  88  6:58  Zergling x6  
  90  7:04  Queen  
  90  7:07  Zergling x2  
  90  7:08  Zergling x10  
  94  7:13  Drone x2  
  93  7:16  Drone x4  
  93  7:19  Drone x3, Roach Warren  
  93  7:21  Baneling Nest  
  93  7:22  Drone x2  
  100  7:25  Zerg Melee Weapons Level 2  
  100  7:26  Zergling x2  
  101  7:35  Zergling x12  
  100  7:39  Zergling x2  
  100  7:42  Drone x5  
  100  7:43  Drone  
  104  7:44  Drone  
  104  7:49  Infestation Pit  
  104  7:50  Drone x6  
  111  7:54  Drone x4  
  111  7:57  Extractor  
  114  7:59  Extractor  
  114  8:02  Zergling x8  
  117  8:06  Centrifugal Hooks  
  117  8:07  Zergling x8  
  117  8:10  Drone x3  
  124  8:15  Zergling x8  
  127  8:22  Pneumatized Carapace, Zergling x2  
  127  8:23  Zergling x22  
  139  8:28  Zergling x4  
  139  8:30  Zergling x6  
  139  8:33  Zergling x8  
  147  8:36  Overlord  
  147  8:39  Zerg Ground Armor Level 2  
  147  8:40  Overlord  
  145  8:44  Overlord  
  145  8:48  Overlord  
  145  8:53  Spore Crawler  
  144  8:57  Drone x2  
  144  8:58  Drone x2  
  144  8:59  Spore Crawler  
  144  9:00  Drone x2  
  149  9:03  Zergling x2  
  149  9:04  Zergling x24  
  149  9:06  Hive  
  149  9:07  Zergling x2  
  163  9:10  Spore Crawler  
  163  9:12  Overseer  
  163  9:13  Zergling x22  
  163  9:16  Zergling x6  
  175  9:22  Zergling x4  
  175  9:23  Baneling x5  
  175  9:24  Baneling x8  
  176  9:31  Drone x4  
  176  9:33  Extractor  
  179  9:41  Overlord  
  179  9:42  Overseer  
  179  9:47  Spore Crawler  
  179  9:48  Hatchery  
  170  9:53  Drone x5  
  170  9:54  Drone x4  
  170  9:56  Drone  
  170  9:57  Drone  
  170  9:58  Zergling x6  
  170  9:59  Overlord x2  
  180  10:04  Overlord  
  180  10:06  Baneling x8  
  180  10:08  Overlord  
  180  10:12  Zergling x48  
  169  10:17  Zergling x6  
  163  10:23  Zergling x6  
  158  10:31  Zergling x8  
  158  10:33  Adrenal Glands, Zerg Melee Weapons Level 3  
  153  10:36  Zergling x12  
  153  10:38  Baneling x4  
  153  10:42  Zergling x22  
  165  10:44  Drone  
  165  10:47  Drone  
  161  10:50  Spore Crawler  
  161  10:51  Overseer  
  161  10:53  Zergling x8  
  161  10:54  Baneling x5  
  164  10:59  Zergling x2  
  164  11:00  Zergling x8  
  164  11:01  Baneling x3  
  168  11:08  Zergling x28  
  172  11:20  Zergling x16  
  172  11:24  Zergling x10  
  161  11:31  Zergling x10  
  164  11:34  Zergling x6  
  164  11:35  Baneling x10  
  162  11:44  Zergling x22  
  165  11:51  Zergling x6  
  156  11:57  Zergling x2  
  156  11:58  Zergling x8  
  148  12:01  Zergling x8  
  148  12:05  Drone  
  148  12:06  Drone x5  
  148  12:08  Zergling x8  
  150  12:11  Zerg Ground Armor Level 3  
  150  12:13  Zergling x6  
  152  12:15  Overseer  
  152  12:16  Ultralisk Cavern  
  152  12:17  Zergling x2  
  152  12:22  Zergling x6  
  154  12:23  Baneling x8  
  154  12:24  Drone  
  154  12:25  Drone  
  154  12:29  Zergling x10  
  161  12:31  Zergling x2  
  161  12:32  Baneling x5  
  161  12:34  Drone x3  
  165  12:39  Zergling x12  
  165  12:42  Hatchery  
  170  12:48  Zergling x10  
  165  12:52  Hatchery  
  165  12:54  Zergling x2  
  165  12:55  Zergling x8  
  165  12:57  Zergling x8  
  145  13:01  Zergling x10  
  150  13:07  Zergling x10  
  150  13:09  Chitinous Plating  
  150  13:10  Ultralisk  
  160  13:16  Zergling x8  
  160  13:17  Queen x2  
  160  13:19  Drone x2  
  170  13:31  Zergling x30  
  185  13:37  Zergling x6  
  188  13:41  Zergling x4  
  186  13:50  Zergling x10  
  180  13:56  Zergling x16  
  185  14:03  Ultralisk x2  
  185  14:04  Zergling x4  
  185  14:10  Zergling x2  
  185  14:11  Zergling x10  
  184  14:20  Zergling x14  
  167  14:28  Zergling x22  
  162  14:33  Ultralisk  
  162  14:34  Ultralisk, Zergling x6  
  176  14:38  Zergling x6  
  176  14:42  Zergling x2  
  176  14:43  Anabolic Synthesis  
  180  14:46  Drone x2  
  180  14:49  Zergling x8  
  180  14:50  Baneling x6  
  180  14:52  Zergling x8  
  189  14:56  Baneling  
  189  14:57  Baneling x5  
  189  14:59  Zergling x12  
  195  15:04  Zergling x6  
  188  15:08  Hatchery  
  179  15:18  Zergling x20  
  165  15:24  Ultralisk  
  165  15:25  Ultralisk, Zergling x2  
  165  15:26  Zergling x10  
  179  15:28  Zergling x8  
  179  15:34  Zergling x10  
  184  15:42  Ultralisk, Zergling x2  
  186  15:48  Zergling x10  
  190  15:54  Zergling x6  
  190  15:55  Hatchery  
  189  16:09  Hatchery  
  189  16:10  Zergling x6  
  189  16:16  Overlord  
  189  16:17  Baneling x22  
  186  16:41  Zergling x24  
  189  16:52  Zergling x36  
  182  17:00  Zergling x10  
  174  17:03  Zergling x4  
  151  17:12  Zergling x6  
  151  17:13  Infestor x2  
  149  17:23  Ultralisk, Zergling x2  
  149  17:24  Zergling x6  
  149  17:25  Overseer x3  
  149  17:28  Zergling x2  
  149  17:29  Zergling x6  
  151  17:40  Zergling x10  
  147  17:47  Zergling x8  
  162  17:52  Zergling x6  
  161  18:01  Zergling x12  
  164  18:05  Zergling x2  
Tags
 
Add a new tag
Caveats
  • Supply blocks, unpowered buildings, or Contaminate may cause inaccurate times.
  • Supply counts are checked every 10 seconds.